 Dungeon Crawl Stone Soup version 0.24.0-13-gcf9b319 (webtiles) character file.

Game seed: 6820502259230776620, levelgen mode: deterministic

21214 Bronimir the Covert (level 13, -6/102 HPs)
             Began as a Kobold Enchanter on Mar 28, 2020.
             Was an Elder of Sif Muna.
             Mangled by a jumping spider (11 damage)
             ... on level 4 of the Lair of Beasts.
             The game lasted 01:02:33 (19866 turns).

Bronimir the Covert (Kobold Enchanter)             Turns: 19866, Time: 01:02:34

Health: -6/102     AC: 26    Str:  5 (7)  XL:     13   Next: 18%
Magic:  0/25       EV:  3    Int: 17 (20) God:    Sif Muna [****..]
Gold:   943        SH:  5    Dex: 12 (15) Spells: 8/28 levels left

rFire    . . .     SeeInvis .   a - +0 dagger (holy)
rCold    . . .     Gourm    .   S - +0 buckler
rNeg     + + +     Faith    .   (armour currently unavailable)
rPois    +         Spirit   +   (helmet currently unavailable)
rElec    .         Reflect  .   (cloak currently unavailable)
rCorr    .         Harm     .   (gloves currently unavailable)
MR       +....     NoTele   +   (boots currently unavailable)
Stlth    ++++++....             A - amulet of guardian spirit
HPRegen  0.27/turn              p - ring of stealth
MPRegen  0.19/turn              K - ring of protection from magic

@: tree-form, berserk cooldown, slowed, very slow
A: small, carnivore
a: Channel Magic, Forget Spell, Divine Exegesis, Renounce Religion


You were on level 4 of the Lair of Beasts.
You worshipped Sif Muna.
Sif Muna was greatly pleased with you.
You were very full.
You were a tree.
You visited 3 branches of the dungeon, and saw 16 of its levels.

You collected 943 gold pieces.

Inventory:

Hand Weapons
 a - a +0 dagger of holy wrath (weapon)
 b - a +0 hand crossbow
 E - a cursed -3 shortbow
 V - a +1 dagger
 Y - a +2 falchion of venom
Missiles
 f - 393 stones (quivered)
 l - 177 sling bullets
 m - 88 bolts
 t - 249 arrows
Armour
 o - a +2 hat (melded)
 q - a +0 pair of boots (melded)
 v - a +0 troll leather armour (melded)
 F - a +2 cloak (melded)
 S - a +0 buckler (worn)
Magical Staves
 s - an uncursed staff of energy
Jewellery
 h - an uncursed ring of protection from cold
 p - a ring of stealth (left branch)
 x - an uncursed ring of see invisible
 A - an amulet of guardian spirit (around neck)
 K - a ring of protection from magic (right branch)
Wands
 u - a wand of disintegration (13)
 I - a wand of polymorph (9)
 J - a wand of flame (5)
 P - a wand of acid (18)
 W - a wand of paralysis (26)
Scrolls
 c - a scroll of torment
 i - 3 scrolls of amnesia
 n - 2 scrolls of remove curse
 r - 2 scrolls of identify
 y - 3 scrolls of blinking
Potions
 j - a potion of degeneration
 k - a potion of resistance
 B - a potion of mutation
 H - a potion of might
 Q - a potion of brilliance
 T - a potion of berserk rage
 U - a potion of invisibility
 X - 2 potions of flight
Miscellaneous
 e - a crystal ball of energy
 w - a lightning rod (4/4)
Comestibles
 d - 27 rations
 D - 5 chunks of flesh


   Skills:
 + Level 2.7 Fighting
 + Level 7.3 Short Blades
 + Level 2.5 Crossbows
 + Level 3.5 Armour
 * Level 7.1 Dodging
 + Level 14.0 Stealth
 - Level 4.0 Shields
 * Level 8.4 Spellcasting
 * Level 7.2 Conjurations
 * Level 8.3 Hexes
 + Level 3.9 Ice Magic
 * Level 5.9 Invocations
 + Level 2.0 Evocations


You had 8 spell levels left.
You knew the following spells:

 Your Spells              Type           Power        Failure   Level  Hunger
a - Corona                Hex            #####..      1%          1    None
b - Ensorcelled Hibernat  Hex/Ice        ####..       1%          2    None
c - Confuse               Hex            #####...     1%          3    #......
d - Dazzling Spray        Conj/Hex       ####..       1%          3    #......
e - Tukima's Dance        Hex            #####...     1%          3    #......
f - Metabolic Englaciati  Hex/Ice        ####......   26%         5    #####..
g - Mephitic Cloud        Conj/Pois/Air  ###.....     13%         3    #......

Your spell library contained the following spells:

 Spells                   Type           Power        Failure   Level  Hunger
 Confusing Touch          Hex            #####.       1%          1    None
 Throw Frost              Conj/Ice       ####..       1%          2    None
 Freeze                   Ice            ###.         2%          1    None
 Shock                    Conj/Air       ###.         2%          1    None
 Sting                    Conj/Pois      ###.         2%          1    None
 Static Discharge         Conj/Air       ###.....     8%          3    #......
 Throw Icicle             Conj/Ice       ####....     11%         4    ###....
 Ozocubu's Armour         Chrm/Ice       ##......     16%         3    #......
 Poisonous Vapours        Pois/Air       #.....       17%         2    None
 Swiftness                Chrm/Air       #.......     17%         2    None
 Gell's Gravitas          Tloc           #.........   34%         3    #......
 Summon Ice Beast         Ice/Summ       ##......     45%         4    ###....
 Yara's Violent Unravell  Hex/Tmut       ###.......   50%         5    #####..
 Lightning Bolt           Conj/Air       ###.......   56%         5    #####..
 Venom Bolt               Conj/Pois      ###.......   56%         5    #####..
 Airstrike                Air            #.........   75%         4    ###....
 Olgreb's Toxic Radiance  Pois           #.......     75%         4    ###....
 Petrify                  Tmut/Erth      #.......     75%         4    ###....


Dungeon Overview and Level Annotations

Branches:
Dungeon (11/15)            Temple (1/1) D:6            Lair (4/6) D:10
 Spider (0/4) Lair:4          Orc (0/2) D:11
  Swamp: Lair:2-4    Shoals: Lair:2-4

Altars:
Ashenzari
Cheibriados
Dithmenos
Elyvilon
Fedhas
Gozag
Hepliaklqana
Kikubaaqudgha
Makhleb
Nemelex Xobeh
Okawaru
Qazlal
Ru
Sif Muna
Trog
Uskayaw
Vehumet
Wu Jian
Xom
Yredelemnul
Zin
The Shining One


Innate Abilities, Weirdness & Mutations

You are small and have problems with some larger weapons.
You are carnivorous and can eat meat at any time.


Message History

The jumping spider leaps!
As you read the scroll labeled LIETEB QASU, it crumbles to dust.
Your body is wracked with pain!
* * * LOW HITPOINT WARNING * * *
The jumping spider convulses! x2; It was a scroll of torment.
The jumping spider leaps! x2; The jumping spider pounces on you.
* * * LOW HITPOINT WARNING * * *
You are caught in a web!
The jumping spider bites you but does no damage.
The jumping spider leaps!
Really quaff the potion of lignification?
You turn into a tree.
Your +2 cloak melds into your body.
Your +2 hat melds into your body.
Your +0 pair of boots melds into your body.
Your +0 troll leather armour melds into your body.
Your roots penetrate the ground.
You shred the web into pieces!
The jumping spider pounces on you but does no damage.
The jumping spider bites you but does no damage.
The jumping spider pounces on you!
You die...

≈.≈≈.≈≈.≈.# ≈≈≈.≈≈≈.... ..
.......... ..## #.........
...######......... .
#.....#........○. ..
#....^#s......... .....#
#....#.........
........P###s♣..°....<...
.........###.###.........
.P..#.#.#..######P...#..
#.............P######
#..##....##...####
#...........#.P#.###
##...#....###...#..####+## ####
#..#÷.......†............###
.#.###..#.#..#...................


You could see 2 jumping spiders.

Vanquished Creatures
  Gastronok (D:9)
  Nessos (Lair:4)
  Nergalle (D:10)
  5 black mambas
  A centaur skeleton (D:10)
  5 spiny frogs
  2 komodo dragons
  A hornet (D:9)
  3 trolls
  Prince Ribbit (D:8)
  8 blink frogs (Lair:3)
  A slime creature (Lair:3)
  6 hippogriffs
  Sigmund (D:4)
  A spriggan (D:9)
  A wyvern (Lair:4)
  4 yaks (Lair:1)
  A basilisk (Lair:3)
  9 water moccasins
  6 porcupines
  A black bear (D:10)
  An ice beast (D:9)
  An orc warrior (D:10)
  2 sky beasts
  4 phantoms
  An ogre (D:10)
  4 necrophages (D:7)
  12 wolves
  4 centaurs
  5 crocodiles
  A big kobold (D:10)
  17 bullfrogs
  9 scorpions
  14 wights
  9 killer bees
  A howler monkey (D:6)
  A lava snake (D:9)
  3 crimson imps
  A bullfrog zombie (D:10)
  A centaur zombie (D:6)
  2 bullfrog skeletons (D:10)
  8 hounds
  Crazy Yiuf (D:4)
  5 orc priests
  8 jellies
  6 orc wizards
  2 iguanas
  11 worker ants
  A hound zombie (D:5)
  A mummy (D:7)
  A worker ant zombie (D:6)
  3 gnolls (D:7)
  2 howler monkey skeletons
  10 adders
  2 shadow imps
  14 oozes
  4 adder skeletons
  An adder zombie (D:7)
  3 worms
  A dart slug (D:1)
  4 leopard geckos
  16 orcs
  5 bats
  9 giant cockroaches
  10 goblins
  5 hobgoblins
  6 jackals
  8 quokkas
  4 ball pythons
  7 frilled lizards
  11 kobolds
  A leopard gecko skeleton (D:4)
  A quokka skeleton (D:4)
  A quokka zombie (D:9)
  5 rats
330 creatures vanquished.

Vanquished Creatures (collateral kills)
  A two-headed ogre (D:10)
  A gnoll (D:7)
2 creatures vanquished.

Vanquished Creatures (others)
  7 fungi
  A plant (Lair:2)
8 creatures vanquished.

Grand Total: 340 creatures vanquished

Notes
Turn   | Place    | Note
-------+----------+-------------------------------------------
     0 | D:1      | Bronimir the Kobold Enchanter began the quest for the Orb.
     0 | D:1      | Reached XP level 1. HP: 10/10 MP: 3/3
   415 | D:1      | Reached XP level 2. HP: 2/15 MP: 5/5
   708 | D:1      | Learned a level 2 spell: Ensorcelled Hibernation
   985 | D:1      | Reached XP level 3. HP: 10/19 MP: 1/6
  1747 | D:2      | Learned a level 3 spell: Confuse
  1759 | D:2      | Reached XP level 4. HP: 24/24 MP: 5/8
  1955 | D:2      | Learned a level 3 spell: Dazzling Spray
  2264 | D:2      | Reached XP level 5. HP: 28/28 MP: 4/9
  3488 | D:3      | Found a hazy altar of Hepliaklqana.
  3489 | D:3      | Found an ancient bone altar of Kikubaaqudgha.
  3490 | D:3      | Found an opulent altar of Gozag.
  3492 | D:3      | Found a sacrificial altar of Ru.
  3565 | D:3      | Reached skill level 5 in Stealth
  3565 | D:3      | Reached skill level 1 in Ice Magic
  3776 | D:3      | Reached XP level 6. HP: 32/32 MP: 6/11
  3781 | D:3      | Learned a level 3 spell: Tukima's Dance
  3877 | D:3      | Found a stormy altar of Qazlal.
  4358 | D:4      | Reached skill level 6 in Stealth
  4358 | D:4      | Reached skill level 1 in Conjurations
  4460 | D:4      | Found a runed translucent door.
  4461 | D:4      | Noticed Crazy Yiuf
  4507 | D:4      | Killed Crazy Yiuf
  4637 | D:4      | Noticed Sigmund
  5144 | D:4      | Reached XP level 7. HP: 30/36 MP: 3/12
  5529 | D:4      | Reached skill level 7 in Stealth
  5830 | D:4      | Killed Sigmund
  5830 | D:4      | Reached skill level 1 in Evocations
  6160 | D:4      | Reached XP level 8. HP: 9/42 MP: 0/14
  6390 | D:5      | Entered Level 5 of the Dungeon
  6803 | D:5      | Reached skill level 1 in Armour
  6962 | D:5      | Reached skill level 8 in Stealth
  7541 | D:6      | Noticed a troll
  7545 | D:6      | Killed a troll
  7545 | D:6      | Reached skill level 9 in Stealth
  7571 | D:6      | Reached skill level 5 in Hexes
  7593 | D:6      | Found a staircase to the Ecumenical Temple.
  7602 | Temple   | Entered the Ecumenical Temple
  7770 | Temple   | Became a worshipper of Sif Muna the Loreminder
  7833 | D:5      | Reached XP level 9. HP: 42/46 MP: 11/16
  7903 | D:6      | Reached skill level 1 in Fighting
  8523 | D:6      | Found a shimmering blue altar of Sif Muna.
  8995 | D:7      | Reached * piety under Sif Muna
  8995 | D:7      | Reached skill level 1 in Crossbows
  9036 | D:7      | Reached skill level 5 in Spellcasting
  9133 | D:7      | HP: 2/45 [necrophage (8)]
  9671 | D:7      | Reached skill level 10 in Stealth
  9819 | D:7      | Reached skill level 5 in Short Blades
  9860 | D:7      | Found a radiant altar of Vehumet.
 10001 | D:7      | Found a sparkling altar of Nemelex Xobeh.
 10459 | D:7      | Noticed a hippogriff
 10483 | D:7      | Killed a hippogriff
 10483 | D:7      | Reached skill level 1 in Invocations
 10483 | D:7      | Reached XP level 10. HP: 30/47 MP: 7/17
 11441 | D:7      | HP: 2/53 [orc wizard/+0 dagger (3)]
 11754 | D:8      | Noticed Prince Ribbit
 11782 | D:8      | Killed Prince Ribbit
 11782 | D:8      | Reached skill level 11 in Stealth
 11894 | D:8      | Got a pitted trident
 12305 | D:8      | Found a shimmering altar of Xom.
 12988 | D:9      | Reached ** piety under Sif Muna
 13179 | D:9      | Reached skill level 1 in Shields
 13364 | D:9      | Learned a level 5 spell: Metabolic Englaciation
 13935 | D:9      | Noticed Gastronok
 14429 | D:9      | Killed Gastronok
 14429 | D:9      | Reached skill level 5 in Dodging
 14429 | D:9      | Reached skill level 12 in Stealth
 14429 | D:9      | Reached skill level 5 in Conjurations
 14429 | D:9      | Reached XP level 11. HP: 34/57 MP: 4/20
 14587 | D:10     | Entered Level 10 of the Dungeon
 14859 | D:10     | Noticed Nergalle
 14884 | D:10     | Killed Nergalle
 15135 | D:10     | Found a staircase to the Lair.
 15585 | D:10     | Found a blossoming altar of Fedhas.
 15826 | D:10     | Reached *** piety under Sif Muna
 15835 | D:10     | Noticed a two-headed ogre
 15882 | D:10     | Killed a two-headed ogre
 16395 | D:11     | Found a staircase to the Orcish Mines.
 16437 | Lair:1   | Entered Level 1 of the Lair of Beasts
 16629 | Lair:1   | Reached XP level 12. HP: 62/62 MP: 18/23
 17050 | Lair:1   | Reached skill level 5 in Invocations
 17229 | Lair:1   | You fall into a shaft and drop 1 floor!
 17585 | Lair:2   | You fall into a shaft and drop 2 floors!
 17621 | Lair:3   | Reached skill level 13 in Stealth
 17784 | Lair:3   | Reached **** piety under Sif Muna
 19198 | Lair:3   | Learned a level 3 spell: Mephitic Cloud
 19300 | Lair:3   | Reached XP level 13. HP: 34/68 MP: 2/25
 19613 | Lair:4   | Noticed Nessos
 19677 | Lair:4   | Killed Nessos
 19727 | Lair:4   | Reached skill level 14 in Stealth
 19801 | Lair:4   | Found a hole to the Spider Nest.
 19865 | Lair:4   | HP: 3/68 [jumping spider (6)]
 19866 | Lair:4   | Mangled by a jumping spider

Levels and vault maps discovered:
D:1:      minmay_arrival_hallway, layout_basic, hangedman_decor_clover_reticule
D:2:      layout_loops_corners
D:3:      layout_basic, marbit_many_paths, minitemple, hex_medium
D:4:      layout_basic, first_ration, uniq_sigmund, uniq_crazy_yiuf_cottage
D:5:      layout_loops_ring
D:6:      layout_loops_cross, minmay_temple_entry_slanted,
          minmay_misc_feat_encased, lemuel_blue_sif_altar
D:7:      layout_loops_corners, nemelex_xobeh_ov_fountains_minmay,
          vehumet_crystals, serial_undead, serial_undead_c, serial_undead_f,
          serial_undead_b, serial_undead_e, serial_undead_d
D:8:      layout_cave_pools, lemuel_coloured_pillars_altar, uniq_prince_ribbit1
D:9:      layout_roguey, the_bakery, kennysheep_opposing_triangles,
          uniq_gastronok
D:10:     layout_stronghold, grunt_lair_entry_orc_guard_hut, basic_altar,
          kennysheep_generic_room_15, uniq_nergalle
D:11:     layout_basic, kennysheep_orc_monster_closet_entryway
Temple:   jpeg_temple_clearing
Lair:1:   layout_chaotic_city, gauntlet_entry_generic, pond, grunt_megastairs_2
Lair:2:   layout_roguey
Lair:3:   lemuel_slime, layout_gridlike, chequers_serial_rivers_room_a
Lair:4:   layout_roguey, minmay_shoals_entry_centaurs, spider_nest_entry_a,
          minivault_27, beast_lair_carwin_10, infiniplex_staircase_pool_2,
          serial_bayou_shore_b, uniq_nessos

Skill      XL: |  1  2  3  4  5  6  7  8  9 10 11 12 13 |
---------------+----------------------------------------+-----
Spellcasting   | 3 4 5 6 7 8 |  8.4
Hexes          | 4 5 6 7 8 |  8.3
Stealth        | 5 6 7 9 10 12 13 14 | 14.0
Ice Magic      | 1 2 3 |  3.9
Conjurations   | 1 2 3 5 6 7 |  7.2
Dodging        | 3 5 6 7 |  7.1
Short Blades   | 2 4 5 6 7 |  7.3
Evocations     | 1 2 |  2.0
Armour         | 1 2 3 |  3.5
Fighting       | 1 2 |  2.7
Crossbows      | 1 2 |  2.5
Invocations    | 1 4 5 |  5.9
Shields        | 2 4 |  4.0

Action                   |  1- 3 |  4- 6 |  7- 9 | 10-12 | 13-15 || total
-------------------------+-------+-------+-------+-------+-------++-------
Melee: Dagger            |    75 |   103 |   331 |   209 |    23 ||   741
       Rapier            |       |       |       |   173 |       ||   173
 Fire: Hand crossbow     |       |       |    50 |       |       ||    50
       Arbalest          |       |       |       |    20 |       ||    20
 Cast: Corona            |    11 |       |       |     4 |       ||    15
       Ensorcelled Hiber |    12 |    53 |    35 |   171 |    23 ||   294
       Confuse           |       |       |    42 |    44 |     3 ||    89
       Dazzling Spray    |       |       |     2 |     7 |       ||     9
       Tukima's Dance    |       |       |     1 |     1 |       ||     2
Invok: Channel Magic     |       |       |       |     1 |     1 ||     2
Evoke: Wand              |       |       |    11 |    32 |     2 ||    45
  Use: Potion            |       |     3 |     1 |     3 |     8 ||    15
       Scroll            |       |     2 |     1 |    19 |     1 ||    23
 Stab: Sleeping          |    13 |    41 |    34 |   132 |     8 ||   228
       Confused          |       |       |    19 |    36 |       ||    55
       Paralysed         |       |       |     6 |     3 |       ||     9
       Invisible         |       |       |       |     2 |       ||     2
       Distracted        |       |       |       |     1 |       ||     1
  Eat: Chunk             |    12 |    11 |    20 |    30 |     4 ||    77
Armor: Robe              |    21 |    14 |    39 |     7 |       ||    81
       Ring mail         |       |       |       |    50 |       ||    50
       Troll leather arm |       |       |       |    48 |    19 ||    67
       Skin              |       |       |       |     3 |     2 ||     5
Dodge: Dodged            |    78 |   129 |   254 |   377 |    39 ||   877
Block: Buckler           |       |       |       |    39 |    13 ||    52
